 Dungeon Crawl Stone Soup version 0.30.1-11-g7821555f0a (webtiles) character file.

Game seed: 11086032234262471594

2908 Ijustatesigmund the Blocker (level 9, -2/57 HPs)
             Began as a Gargoyle Fighter on Nov 2, 2023.
             Was a Follower of the Shining One.
             Slain by a wight
             ... wielding a +3 trident
              (11 damage)
             ... on level 8 of the Dungeon.
             The game lasted 00:09:59 (7883 turns).

Ijustatesigmund the Blocker (Gargoyle Fighter)      Turns: 7883, Time: 00:10:00

Health: -2/57      AC: 14    Str: 20    XL:     9   Next: 78%
Magic:  10/10      EV:  8    Int: 13    God:    the Shining One [*.....]
Gold:   284        SH: 12    Dex:  9    Spells: 8/8 levels left

rFire   . . .        a - +0 flail
rCold   + . .        c - +2 kite shield
rNeg    + . .        b - +0 scale mail
rPois   ∞            (no helmet)
rElec   +            i - +0 cloak
rCorr   .            (no gloves)
SInv    .            (no boots)
Will    .....        (no amulet) Stlth
                     e - ring of protection from cold
HPRegen 0.29/turn    (no ring)
MPRegen 0.12/turn

%: no passive effects
@: glowing
A: sickness immunity, AC +6, negative energy resistance 1, electricity
resistance, torment resistance 1, petrification resistance
a: Renounce Religion, Divine Shield


You were on level 8 of the Dungeon.
You worshipped the Shining One.
The Shining One was aware of your devotion.
You visited 1 branch of the dungeon, and saw 8 of its levels.

You collected 531 gold pieces.
You spent 247 gold pieces at shops.

Inventory:

Hand Weapons
 a - a +0 flail (weapon)
Armour
 b - a +0 scale mail (worn)
 c - a +2 kite shield (worn)
 i - a +0 cloak (worn)
 n - a +0 buckler
Jewellery
 e - a ring of protection from cold (left hand)
 z - an amulet of magic regeneration
Wands
 o - a wand of flame (8)
 u - a wand of paralysis (14)
 y - a wand of iceblast (11)
Scrolls
 f - a scroll of butterflies {unknown}
 g - 5 scrolls of teleportation
 h - a scroll of enchant armour {unknown}
 m - 2 scrolls of magic mapping {unknown}
 r - 2 scrolls of torment {unknown}
 t - 2 scrolls of noise {unknown}
 v - a scroll of identify
 w - a scroll of enchant weapon {unknown}
 x - a scroll of blinking {unknown}
Potions
 d - a potion of resistance
 j - 3 potions of curing
 k - a potion of ambrosia
 l - a potion of magic
 p - 3 potions of flight
 q - 3 potions of attraction


   Skills:
 + Level 7.5 Fighting
 + Level 6.4 Maces & Flails
 - Level 3.8 Armour
 + Level 9.2 Shields
 + Level 2.6 Invocations
 - Level 4.4 Evocations


You had 8 spell levels left.
You didn't know any spells.
Your spell library contained the following spells:

 Spells                   Type           Power      Damage    Failure   Level
 Foxfire                  Conj/Fire      0%         2x1d4     86%         1
 Shock                    Conj/Air       0%         1d3       86%         1
 Blink                    Tloc           0%         N/A       95%         2
 Lesser Beckoning         Tloc           0%         N/A       95%         2
 Momentum Strike          Conj/Tloc      0%         3d8       95%         2
 Poisonous Vapours        Pois/Air       0%         N/A       95%         2
 Mephitic Cloud           Conj/Pois/Air  0%         N/A       99%         3
 Ozocubu's Armour         Ice            0%         N/A       99%         3
 Fireball                 Conj/Fire      0%         3d3       100%        5
 Freezing Cloud           Conj/Ice/Air   0%         6-21      100%        5
 Metabolic Englaciation   Hex/Ice        0%         N/A       100%        5
 Simulacrum               Ice/Necr       0%         N/A       100%        6
 Ozocubu's Refrigeration  Ice            0%         4d7       100%        7
 Shatter                  Erth           0%         3d5*      100%        9


Dungeon Overview and Level Annotations

Branches:
Dungeon (8/15)             Temple (0/1) D:7
   Lair: D:8-11

Altars:
Cheibriados
Elyvilon
Fedhas
Kikubaaqudgha
Nemelex Xobeh
Ru
Trog
Xom
Zin
The Shining One

Shops:
D:3 *   D:5 *   D:7 (


Innate Abilities, Weirdness & Mutations

You are immune to sickness and miasma.
Your stone body is resilient. (AC +6)
You are immune to poison.
You resist negative energy. (rN+)
You are resistant to electric shocks. (rElec)
You are resistant to unholy torment.
You are immune to petrification.


Message History

You closely miss the hornet.
The hornet is almost dead.
The hornet stings you.
* * * LOW HITPOINT WARNING * * *
The wight hits you but does no damage. You block the hornet's attack.
The wight completely misses you.
You feel much better. You block the hornet's attack.
The wight hits you but does no damage.
You sock the hornet!
You kill the hornet!
The wight hits you from afar with a +3 trident!
You sock the wight!
The wight is heavily damaged.
The wight hits you but does no damage. You block the wight's attack.
You hit the wight.
The wight is severely damaged.
The wight closely misses you. The wight hits you but does no damage.
You hit the wight but do no damage.
The wight is severely damaged.
The wight barely misses you.
The wight hits you from afar with a +3 trident.
You barely miss the wight.
The wight is severely damaged.
The wight hits you with a +0 falchion. You block the wight's attack.
You hit the wight but do no damage.
The wight is severely damaged.
The wight closely misses you. The wight barely misses you.
You block the wight's attack. The wight hits you with a +0 falchion!
* * * LOW HITPOINT WARNING * * *
You barely miss the wight.
The wight is severely damaged.
The wight hits you but does no damage.
The wight hits you from afar with a +3 trident.
* * * LOW HITPOINT WARNING * * *
You barely miss the wight.
The wight is severely damaged.
The wight hits you with a +0 falchion.
* * * LOW HITPOINT WARNING * * *
The wight hits you from afar with a +3 trident!
You die...

..........
#........
#....... #......
..... ..z #.
#.#z# #.##.#@#
.#....#'##
.........#######
#..##....'.....#
..#....#####.#
#.#....'...#
#.#....###.#
#.......##.#
#..........#


You could see 2 wights.

Vanquished Creatures
  A hornet (D:8)
  A water moccasin (D:7)
  3 ice beasts
  A hornet zombie (D:7)
  2 black bears
  An ogre (D:6)
  3 centaurs
  A phantom (D:4)
  A kobold brigand (D:7)
  2 bullfrogs
  3 necrophages (D:7)
  4 scorpions
  A wyvern zombie (D:7)
  A wight (D:7)
  A howler monkey (D:7)
  2 centaur zombies (D:7)
  A bullfrog zombie (D:7)
  5 hounds
  A human zombie (D:7)
  2 orc priests
  9 iguanas
  2 orc wizards
  2 mummies (D:7)
  4 gnolls
  8 adders
  3 white imps
  2 worms
  4 dart slugs
  19 orcs
  10 endoplasms
  3 giant cockroaches (D:1)
  10 goblins
  4 hobgoblins
  10 jackals
  A quokka (D:5)
  8 ball pythons
  3 bats
  9 frilled lizards
  10 kobolds
  9 rats
167 creatures vanquished.

Notes
Turn   | Place    | Note
-------+----------+-------------------------------------------
     0 | D:1      | Ijustatesigmund the Gargoyle Fighter began the quest for
                  | the Orb.
     0 | D:1      | Reached XP level 1. HP: 14/14 MP: 1/1
    84 | D:1      | Reached XP level 2. HP: 17/19 MP: 2/2
   151 | D:1      | Found a faded altar of an unknown god.
   357 | D:1      | Reached XP level 3. HP: 13/24 MP: 3/3
  1133 | D:2      | Identified the +1 robe of the Circus Animal {rC+ rCorr
                  | Str+3}
  1321 | D:2      | Reached XP level 4. HP: 29/29 MP: 4/4
  1906 | D:3      | Found a glowing silver altar of Zin.
  2211 | D:3      | Found Pefen's General Store.
  2226 | D:3      | Bought a +2 kite shield for 181 gold pieces
  2271 | D:3      | Got Demuacw's Compendium of Talus and Force
  2286 | D:3      | Found a shimmering altar of Xom.
  2513 | D:3      | Found a white marble altar of Elyvilon.
  2732 | D:3      | Found a blossoming altar of Fedhas.
  2789 | D:4      | Reached skill level 4 in Shields
  2789 | D:4      | Reached XP level 5. HP: 34/34 MP: 5/5
  3000 | D:4      | Noticed a phantom
  3021 | D:4      | Killed a phantom
  3055 | D:4      | Reached skill level 5 in Fighting
  3055 | D:4      | Reached XP level 6. HP: 27/40 MP: 6/6
  3281 | D:4      | Reached skill level 5 in Shields
  3343 | D:4      | Noticed a black bear
  3361 | D:4      | Killed a black bear
  3362 | D:4      | Reached XP level 7. HP: 20/44 MP: 7/7
  3641 | D:3      | Bought a scroll of teleportation for 33 gold pieces
  3641 | D:3      | Bought a potion of lignification for 33 gold pieces
  4156 | D:5      | Entered Level 5 of the Dungeon
  4190 | D:5      | Found Linunekk's Lightly-Used Armoury.
  4473 | D:5      | Reached skill level 5 in Maces & Flails
  4669 | D:5      | Reached skill level 6 in Shields
  4672 | D:5      | Reached XP level 8. HP: 44/52 MP: 8/8
  4732 | D:5      | Found a sparkling altar of Nemelex Xobeh.
  4925 | D:5      | Found a bloodstained altar of Trog.
  5501 | D:6      | Reached skill level 1 in Evocations
  5621 | D:6      | Reached skill level 7 in Shields
  6468 | D:7      | Reached XP level 9. HP: 24/56 MP: 9/9
  6687 | D:7      | Found a staircase to the Ecumenical Temple.
  6761 | D:7      | Found Vupilep's Weapon Boutique.
  6770 | D:7      | Found a sacrificial altar of Ru.
  6795 | D:7      | Reached skill level 8 in Shields
  7124 | D:7      | Found a glowing golden altar of the Shining One.
  7152 | D:7      | Found a snail-covered altar of Cheibriados.
  7314 | D:7      | Became a worshipper of the Shining One
  7514 | D:7      | Found an ancient bone altar of Kikubaaqudgha.
  7552 | D:7      | Reached skill level 1 in Invocations
  7609 | D:7      | Reached * piety under the Shining One
  7617 | D:7      | Reached skill level 9 in Shields
  7856 | D:8      | Noticed a hornet
  7876 | D:8      | Killed a hornet
  7883 | D:8      | Slain by a wight

Illustrated notes

Levels and vault maps discovered:
D:1:      lightli_arrival_farm, layout_rooms, shapermc_ecumenical_altar_gd
D:2:      layout_basic
D:3:      layout_basic, fedhas_altar_4, zin_statuary,
          mainiacjoe_overflow_catwalk, elyvilon_altar_5, serial_shops,
          nicolae_shop_waterfront
D:4:      cheibrodos_barr_body, layout_rooms
D:5:      layout_basic, nemelex_xobeh_ov_fountains_minmay, trog_butcher_becter,
          minmay_shop_damaged
D:6:      layout_cave_pods
D:7:      layout_rooms, lemuel_mausoleum_altar_kikubaaqudgha,
          jmf_multi_god_temple, lemuel_tele_altar,
          minmay_temple_entry_statues_pillars, serial_shops,
          nicolae_shop_crystal, eino_tiny_chamber, minmay_misc_feat_rows,
          nicolae_titane
D:8:      layout_basic, pdpol_wu_jian_five_deadly_venoms,
          mainiacjoe_overflow_cross_hatched, minivault_23,
          hangedman_minor_gate_pass

Skill      XL: |  1  2  3  4  5  6  7  8  9 |
---------------+----------------------------+-----
Fighting       | 4 5 6 7 |  7.5
Maces & Flails | 3 4 5 6 |  6.4
Shields        | 4 5 6 7 9 |  9.2
Evocations     | 3 4 |  4.4
Invocations    | 2 |  2.6
Armour         | |  3.8

Action                     |  1- 3 |  4- 6 |  7- 9 || total
---------------------------+-------+-------+-------++-------
  Melee: Flail             |   140 |   234 |   443 ||   817
  Evoke: Wand              |       |     1 |     1 ||     2
    Use: Potion            |     1 |       |     6 ||     7
         Scroll            |       |     4 |     2 ||     6
   Stab: Paralysed         |       |     2 |     4 ||     6
 Armour: Scale mail        |   100 |   146 |   256 ||   502
         Skin              |       |       |     7 ||     7
  Dodge: Dodged            |    90 |   112 |   131 ||   333
  Block: Buckler           |    29 |    21 |       ||    50
         Kite shield       |       |   133 |   318 ||   451
